 Dungeon Crawl Stone Soup version 0.19-a0-624-g96853e7 (webtiles) character file.

15219 AlphabetPasta the Slicer (level 12, 0/72 HPs)
             Began as a Halfling Assassin on June 12, 2016.
             Was an Elder of Dithmenos.
             Slain by a slime creature (20 damage)
             ... on level 12 of the Dungeon on June 13, 2016.
             The game lasted 01:34:13 (15120 turns).

AlphabetPasta the Slicer (Halfling Assassin)       Turns: 15120, Time: 01:34:14

Health: 0/72       AC:  9    Str: 11    XL:     12   Next: 54%
Magic:  15/15      EV: 21    Int: 10    God:    Dithmenos [****..]
Gold:   93         SH:  7    Dex: 21    Spells: 0 memorised, 11 levels left

rFire  . . .     SeeInvis +     a - +3 dagger
rCold  . . .     Gourm    .     y - +2 robe {MR+}
rNeg   . . .     Faith    .     X - +0 buckler
rPois  .         Spirit   .     Y - +1 helmet
rElec  .         Dismiss  +     d - +1 cloak
rCorr  .         Reflect  .     o - +0 pair of gloves
SustAt .         Harm     .     (no boots)
MR     +....                    R - amulet of dismissal
Stlth  ++++++++++               s - ring of see invisible
                                L - ring of stealth

@: very slightly contaminated, wreathed by umbra, somewhat resistant to hostile
enchantments, uncannily stealthy
A: mutation resistance 1
a: Shadow Step, Renounce Religion


You were on level 12 of the Dungeon.
You worshipped Dithmenos.
Dithmenos was greatly pleased with you.
You were not hungry.

You visited 2 branches of the dungeon, and saw 13 of its levels.
You also visited: Ossuary.

You collected 616 gold pieces.
You spent 523 gold pieces at shops.

Inventory:

Hand Weapons
 a - a +3 dagger (weapon)
 b - a +0 blowgun
 G - a +0 rapier
Missiles
 e - 67 poisoned needles
 t - a throwing net
 u - 5 tomahawks (quivered)
Armour
 d - a +1 cloak (worn)
 o - a +0 pair of gloves (worn)
 y - a +2 robe of magic resistance (worn)
 X - a +0 buckler (worn)
 Y - a +1 helmet (worn)
Jewellery
 m - an uncursed ring of positive energy
 s - a ring of see invisible (right hand)
 E - a +1 ring of protection
 F - an uncursed ring of magical power
 L - a ring of stealth (left hand)
 N - an uncursed ring of protection from magic
 P - an uncursed ring of wizardry
 R - an amulet of dismissal (around neck)
Wands
 l - a wand of lightning (5/15)
 v - a wand of iceblast (2/15)
 x - a wand of disintegration (4/24)
 D - a wand of hasting (5/9)
 I - a wand of slowing (35/48)
 M - a wand of slowing (27/48)
 U - a wand of paralysis (7/24)
Scrolls
 h - a scroll of amnesia
 i - 2 scrolls of blinking
 p - a scroll of vulnerability {unknown}
 q - 7 scrolls of remove curse
 B - 5 scrolls of teleportation
 Q - a scroll of enchant weapon
 S - 3 scrolls of magic mapping
 Z - 2 scrolls of identify
Potions
 f - 3 potions of magic
 j - 4 potions of berserk rage
 n - 3 potions of flight
 r - 2 potions of invisibility
 w - a potion of resistance
 A - 3 potions of ambrosia
 C - 3 potions of curing
 H - a potion of agility
 J - 3 potions of cancellation
 K - a potion of heal wounds
 O - a potion of cure mutation
Miscellaneous
 V - a disc of storms
Comestibles
 c - 3 chunks of flesh
 g - 12 bread rations
 k - 8 meat rations
 T - 6 beef jerkies
 W - 8 royal jellies


   Skills:
 - Level 2.5 Fighting
 * Level 14.6 Short Blades
 - Level 3.0 Throwing
 - Level 7.5 Dodging
 * Level 14.1 Stealth
 + Level 3.8 Shields
 - Level 4.7 Invocations
 + Level 4.4 Evocations


You had 11 spell levels left.
You didn't know any spells.

Dungeon Overview and Level Annotations

Branches:
Dungeon (12/15)            Temple (1/1) D:7            Lair (0/6) D:10
    Orc (0/2) D:12

Altars:
Ashenzari
Cheibriados
Dithmenos
Elyvilon
Fedhas
Gozag
Hepliaklqana
Kikubaaqudgha
Makhleb
Nemelex Xobeh
Okawaru
Pakellas
Qazlal
Ru
Sif Muna
Trog
Uskayaw
Vehumet
Xom
Yredelemnul
Zin
The Shining One

Shops:
D:7 =   D:8 =**   D:11 ??[**

Annotations:
D:11 Senshi's ghost, journeyman GrGl


Innate Abilities, Weirdness & Mutations

You are small and have problems with some larger weapons.
You are somewhat resistant to further mutation.


Message History

You hit the slime creature.
The slime creature is heavily wounded.
You hit the slime creature.
The slime creature is heavily wounded.
The slime creature closely misses you.
You hit the slime creature.
The slime creature is severely wounded.
You barely miss the slime creature.
The slime creature is severely wounded.
The slime creature closely misses you.
You hit the slime creature.
The slime creature is severely wounded.
You hit the slime creature.
The slime creature is severely wounded.
The slime creature hits you!
* * * LOW HITPOINT WARNING * * *
You hit the slime creature.
The slime creature is severely wounded.
The slime creature hits you!!
You die...

##........#.#
#...........#
#...........##### ..
#...........[...# #..
#..........##...# #..#
#..........##...######
#...
#.........###.........
.[.
#.$.......###>[.######
# #..........##.@.# #
#$.........##J..#
#..........######
#..........####
#.............####
#........<###...÷##
#.#......## ####†.#
#.#.###### ##.# ...
#.#####


You could see a slime creature.

Vanquished Creatures
  Erolcha (D:8)
  Erica (D:8)
  An unseen horror (D:10)
  Pikel (D:3)
  A hill giant (D:12)
  A cyclops (D:12)
  Joseph (D:10)
  2 two-headed ogres
  Grinder (D:4)
  Prince Ribbit (D:9)
  5 slime creatures (D:12)
  A shadow (D:11)
  8 yaks
  A wraith (D:12)
  Eustachio (D:4)
  3 hungry ghosts
  A steam dragon (D:10)
  4 vampire mosquitoes (D:12)
  3 hippogriffs
  A soldier ant (D:10)
  2 mottled dragons (D:11)
  3 sky beasts
  An orc warrior (D:10)
  4 ice beasts
  A black bear (D:12)
  A necrophage (D:11)
  7 ogres
  An eye of draining (D:7)
  2 wasps (D:10)
  5 centaurs
  A phantom (D:6)
  A crocodile (D:9)
  The ghost of Nothus the Sneak, an amateur KoAs (D:3)
  4 big kobolds
  5 giant frogs
  A wyvern zombie (D:10)
  10 scorpions
  3 killer bees (D:10)
  3 howler monkeys (D:11)
  7 crimson imps
  A giant frog zombie (D:5)
  3 centaur zombies
  5 giant frog skeletons
  3 human zombies (Ossuary)
  3 jellies (D:11)
  4 quasits
  2 centaur skeletons (D:11)
  8 hounds
  7 orc priests
  9 iguanas
  Terence (D:3)
  11 orc wizards
  12 worker ants
  A statue (D:8)
  3 sheep (D:12)
  2 big kobold zombies (Ossuary)
  4 mummies
  A worker ant zombie (D:11)
  3 scorpion zombies (Ossuary)
  11 adders
  A shadow imp (D:5)
  An ooze (D:1)
  3 adder skeletons
  2 worms
  A dart slug (D:4)
  3 giant geckos
  26 orcs
  11 ball pythons
  8 bats
  9 giant cockroaches
  4 gnoll zombies (Ossuary)
  8 goblins
  7 hobgoblins
  6 jackals
  18 kobolds
  5 quokkas
  7 giant newts
  2 goblin zombies (Ossuary)
  4 hobgoblin zombies (Ossuary)
  A jackal skeleton (D:7)
  4 rats
327 creatures vanquished.

Vanquished Creatures (others)
  An ice dragon (D:10)
  A slave (D:4)
  2 orcs (D:4)
  A bat (D:3)
  A giant newt (D:4)
  A bush (D:10)
7 creatures vanquished.

Grand Total: 334 creatures vanquished

Notes
Turn   | Place    | Note
--------------------------------------------------------------
     0 | D:1      | AlphabetPasta the Halfling Assassin began the quest for the Orb.
     0 | D:1      | Reached XP level 1. HP: 14/14 MP: 1/1
   143 | D:1      | Reached XP level 2. HP: 11/19 MP: 2/2
   588 | D:1      | Reached XP level 3. HP: 24/24 MP: 3/3
   645 | D:1      | Reached skill level 5 in Stealth
  1235 | D:2      | Reached XP level 4. HP: 29/29 MP: 4/4
  1624 | D:2      | Found a deep blue altar of Sif Muna.
  1647 | D:3      | Noticed Terence
  1665 | D:3      | Killed Terence
  1665 | D:3      | Reached XP level 5. HP: 34/34 MP: 5/5
  2374 | D:3      | Noticed Nothus's ghost (amateur KoAs)
  3014 | D:3      | Reached XP level 6. HP: 41/41 MP: 6/6
  3148 | D:4      | Noticed Pikel
  3148 | D:4      | Noticed a slave
  3148 | D:4      | Noticed a slave
  3148 | D:4      | Noticed a slave
  3148 | D:4      | Noticed a slave
  3237 | D:3      | Killed Pikel
  3237 | D:3      | Reached XP level 7. HP: 21/45 MP: 7/7
  3852 | D:3      | Killed Nothus's ghost
  3852 | D:3      | Reached XP level 8. HP: 38/51 MP: 8/8
  4352 | D:4      | Noticed Eustachio
  4491 | D:4      | Killed Eustachio
  4864 | D:4      | Reached XP level 9. HP: 43/55 MP: 9/9
  5216 | D:4      | Noticed Grinder
  5223 | D:4      | Killed Grinder
  5223 | D:4      | Reached skill level 5 in Dodging
  5331 | D:5      | Entered Level 5 of the Dungeon
  5549 | D:5      | Found a bloodstained altar of Trog.
  5550 | D:5      | Found a shadowy altar of Dithmenos.
  5561 | D:5      | Reached skill level 10 in Short Blades
  5571 | D:5      | Became a worshipper of Dithmenos the Shadowed
  5840 | D:5      | Reached skill level 10 in Stealth
  6243 | D:5      | Reached skill level 1 in Invocations
  6360 | D:6      | Found a sand-covered staircase.
  6378 | Ossuary  | Entered an ossuary
  6738 | Ossuary  | Reached * piety under Dithmenos
  6914 | Ossuary  | Reached XP level 10. HP: 61/61 MP: 11/11
  8123 | D:7      | Reached ** piety under Dithmenos
  8426 | D:7      | Found Hatux's Jewellery Shoppe.
  8695 | D:7      | Found a staircase to the Ecumenical Temple.
  8767 | Temple   | Entered the Ecumenical Temple
  9251 | D:8      | Found Xeengura's Jewellery Boutique.
  9253 | D:8      | Found Zin's Purification Station.
  9258 | D:8      | Found a glowing silver altar of Zin.
  9838 | D:8      | Found a radiant altar of Vehumet.
  9861 | D:8      | Noticed Erica
  9871 | D:8      | Killed Erica
  9993 | D:8      | Found Nitida's General Store.
 10001 | D:8      | Bought a potion of degeneration for 15 gold pieces
 10001 | D:8      | Bought a potion of heal wounds for 75 gold pieces
 10001 | D:8      | Bought a scroll of identify for 30 gold pieces
 10004 | D:8      | Bought a +0 pair of gloves for 67 gold pieces
 10052 | D:8      | Reached XP level 11. HP: 25/65 MP: 14/14
 10603 | D:8      | Noticed Erolcha
 10607 | D:8      | Killed Erolcha
 10643 | D:9      | Noticed Prince Ribbit
 10646 | D:9      | Killed Prince Ribbit
 10656 | D:9      | Reached skill level 1 in Evocations
 11043 | D:9      | Reached *** piety under Dithmenos
 11269 | D:10     | Entered Level 10 of the Dungeon
 11298 | D:10     | Noticed an unseen horror
 11309 | D:10     | Killed an unseen horror
 11441 | D:10     | Found an oddly glowing altar of Pakellas.
 11453 | D:10     | Killed an ice dragon
 11741 | D:10     | Noticed Joseph
 11748 | D:10     | Killed Joseph
 11849 | D:10     | Reached skill level 1 in Shields
 11870 | D:10     | Found a staircase to the Lair.
 12524 | D:11     | Found Zyvyll's Magic Scroll Emporium.
 12527 | D:11     | Bought a scroll of identify for 26 gold pieces
 12527 | D:11     | Bought a scroll of identify for 26 gold pieces
 12619 | D:11     | Found Yheomil's Assorted Antiques.
 12636 | D:11     | Reached **** piety under Dithmenos
 12652 | D:11     | Bought a scroll of identify for 62 gold pieces
 12652 | D:11     | Bought a scroll of identify for 62 gold pieces
 12694 | D:11     | Noticed Senshi's ghost (journeyman GrGl)
 12751 | D:11     | Found Zacsuf's Armour Shop.
 13381 | D:11     | Found Kuejeqee's Assorted Antiques.
 13456 | D:11     | Reached XP level 12. HP: 55/72 MP: 15/15
 13822 | D:11     | Bought a scroll of identify for 48 gold pieces
 13959 | D:11     | Found Seoss's Magic Scroll Shop.
 13989 | D:11     | Bought a scroll of identify for 30 gold pieces
 13989 | D:11     | Bought a scroll of identify for 30 gold pieces
 13989 | D:11     | Bought a scroll of magic mapping for 52 gold pieces
 14740 | D:12     | Found a staircase to the Orcish Mines.
 15120 | D:12     | Slain by a slime creature

Vault maps used:
D:1:      co_arrival_random_square_maze
D:2:      lemuel_upstairs_altar, first_bread
D:3:      minmay_snake_closets, uniq_terence
D:4:      kennysheep_nondescript, uniq_pikel, uniq_eustachio, uniq_grinder
D:5:      gammafunk_temple_overflow_pools, corexii_item_surrounded_by_moat
D:6:      gup_ossuary_entry_pyramid
D:7:      minmay_temple_entry_junction, serial_shops, kennysheep_mini
D:8:      vehumet_statue, zin_purify, serial_shops, shop_fountains, shop,
          grunt_decor_clamped, uniq_erolcha, uniq_erica
D:9:      uniq_prince_ribbit1
D:10:     lair_0_dummy, hangedman_pestilent_swarm,
          gammafunk_pakellas_spire_experiment, uniq_joseph
D:11:     serial_shops, shop, kennysheep_mini_moat, shop, shop, shop
D:12:     orc_0_dummy
Temple:   grunt_wide_crystal_templ_18
Ossuary:  ossuary_minmay_scorpions

Skill      XL: |  1  2  3  4  5  6  7  8  9 10 11 12 |
---------------+-------------------------------------+-----
Fighting       | 2 |  2.5
Short Blades   | 3 4 6 7 8 10 12 13 14 | 14.6
Stealth        | 5 7 9 10 11 13 14 | 14.1
Dodging        | 2 3 4 5 6 7 |  7.5
Throwing       | 3 |  3.0
Invocations    | 2 4 |  4.7
Evocations     | 3 4 |  4.4
Shields        | 2 3 |  3.8

Action                   |  1- 3 |  4- 6 |  7- 9 | 10-12 || total
-------------------------+-------+-------+-------+-------++-------
Melee: Dagger            |    93 |   142 |   527 |  1103 ||  1865
 Fire: Blowgun           |    11 |    21 |    71 |    92 ||   195
Throw: Tomahawk          |       |     3 |     2 |     9 ||    14
Evoke: Wand              |       |     2 |     4 |     8 ||    14
  Use: Scroll            |       |       |    10 |    22 ||    32
       Potion            |       |       |       |     7 ||     7
 Stab: Sleeping          |     9 |    10 |    23 |    73 ||   115
       Distracted        |     1 |     1 |     1 |     7 ||    10
       Paralysed         |       |     1 |       |     2 ||     3
  Eat: Chunk             |     1 |     6 |     8 |    20 ||    35
       Pizza             |       |       |     1 |       ||     1
       Fruit             |       |       |     3 |     1 ||     4
       Meat ration       |       |       |       |     1 ||     1
       Beef jerky        |       |       |       |     2 ||     2
       Royal jelly       |       |       |       |     1 ||     1
Armor: Robe              |    23 |    19 |    48 |   103 ||   193
Dodge: Dodged            |    66 |    86 |   261 |   590 ||  1003
Block: Buckler           |       |       |       |    92 ||    92
